[Event "Late-Titled-Tuesday-Blitz-June-04-2024"]
[Site "Chess.com"]
[Date "2024.06.04"]
[Round "1"]
[White "Zhigalko_Sergei"]
[Black "ChadBiryani"]
[Result "1-0"]
[WhiteElo "2919"]
[BlackElo "2492"]
[TimeControl "180+1"]
[EndTime "14:00:57 PDT"]
[Termination "Zhigalko_Sergei won by checkmate"]

1. e4 c5 2. Nf3 d6 3. d4 cxd4 4. Qxd4 a6 5. Bc4 Nc6 6. Qd3 g6 7. Nc3 Bg7 8. Bb3 Nf6 9. Bg5 O-O 10. O-O-O Ng4 11. Rhf1 Nge5 12. Nxe5 Nxe5 13. Qg3 b5 14. Nd5 Re8 15. Qh4 f6 16. Nxf6+ Kf8 17. Nxh7# 1-0

[Event "Late-Titled-Tuesday-Blitz-June-04-2024"]
[Site "Chess.com"]
[Date "2024.06.04"]
[Round "1"]
[White "maurovargas01"]
[Black "Crasyhealer"]
[Result "0-1"]
[WhiteElo "1915"]
[BlackElo "2527"]
[TimeControl "180+1"]
[EndTime "14:01:20 PDT"]
[Termination "Crasyhealer won by resignation"]

1. e4 e5 2. Nf3 Nc6 3. d4 exd4 4. Bc4 Nf6 5. e5 d5 6. Bb5 Nd7 7. Bxc6 bxc6 8. O-O c5 9. Qxd4 cxd4 10. Nxd4 Bc5 0-1

[Event "Late-Titled-Tuesday-Blitz-June-04-2024"]
[Site "Chess.com"]
[Date "2024.06.04"]
[Round "1"]
[White "charly871"]
[Black "Faqade"]
[Result "0-1"]
[WhiteElo "2265"]
[BlackElo "2589"]
[TimeControl "180+1"]
[EndTime "14:02:04 PDT"]
[Termination "Faqade won by checkmate"]

1. c4 e6 2. g3 f5 3. Bg2 Nf6 4. d4 d5 5. cxd5 exd5 6. Nc3 c6 7. Nf3 Bd6 8. Bf4 O-O 9. Ne5 Ne4 10. f3 Ng5 11. h4 Ne6 12. Be3 f4 13. Bf2 Qb6 14. Rb1 fxg3 15. Be3 Bxe5 16. Na4 Qb4+ 17. Bd2 Qxd4 18. Nc3 Qf2# 0-1

[Event "Late-Titled-Tuesday-Blitz-June-04-2024"]
[Site "Chess.com"]
[Date "2024.06.04"]
[Round "1"]
[White "omer1997"]
[Black "meme0105"]
[Result "1-0"]
[WhiteElo "2526"]
[BlackElo "1605"]
[TimeControl "180+1"]
[EndTime "14:02:12 PDT"]
[Termination "omer1997 won by resignation"]

1. e4 c6 2. Nf3 d5 3. exd5 cxd5 4. d4 a6 5. Be2 Nf6 6. O-O g6 7. Bf4 Bg7 8. Nc3 Nc6 9. Qd2 Nh5 10. Bh6 Qb6 11.
Nxd5 Bxh6 12. Nxb6 Bxd2 13. Nxa8 Ba5 14. c3 O-O 15. b4 Bd8 16. a4 Be6 17. b5 Nf4 18. Rfe1 Na7 19. bxa6 bxa6 20. a5 Nxe2+ 21. Rxe2 Bc4 22.
Rb2 Nc6 23. Nb6 Bb5 24. c4 Bxb6 25. cxb5 Bxd4 26. Nxd4 Nxd4 27. bxa6 Ra8 28. Rb6 Nc2 29. Rc1 Na3 30. Rc7 e5 31. a7 e4 32. Rb8+ 1-0

[Event "Late-Titled-Tuesday-Blitz-June-04-2024"]
[Site "Chess.com"]
[Date "2024.06.04"]
[Round "1"]
[White "IMJonathanCarlstedt"]
[Black "JaackCamel"]
[Result "1-0"]
[WhiteElo "2565"]
[BlackElo "2225"]
[TimeControl "180+1"]
[EndTime "14:02:15 PDT"]
[Termination "IMJonathanCarlstedt won by resignation"]

1. c4 e6 2. g3 d5 3. Bg2 c6 4.
Nf3 dxc4 5. O-O b5 6. a4 Bb7 7.
b3 cxb3 8. Qxb3 b4 9. Ne5 Qc8 10. a5 c5 11. Qa4+ Nd7 12. Nxd7 Bxg2 13. Ne5+ 1-0

[Event "Late-Titled-Tuesday-Blitz-June-04-2024"]
[Site "Chess.com"]
[Date "2024.06.04"]
[Round "1"]
[White "chrisclaireredfield"]
[Black "lluiss"]
[Result "1-0"]
[WhiteElo "2560"]
[BlackElo "2210"]
[TimeControl "180+1"]
[EndTime "14:02:15 PDT"]
[Termination "chrisclaireredfield won by resignation"]

1. Nf3 Nf6 2. g3 g6 3. Bg2 Bg7 4. O-O O-O 5. d4 d5 6. c4 c6 7.
b3 c5 8. Bb2 Ne4 9. e3 Nc6 10.
cxd5 Qxd5 11. Nfd2 f5 12. Nxe4 fxe4 13. Nc3 Qd8 14. dxc5 Qa5 15. Rc1 Rd8 16. Qe2 Qxa2 17. Nxa2 1-0

[Event "Late-Titled-Tuesday-Blitz-June-04-2024"]
[Site "Chess.com"]
[Date "2024.06.04"]
[Round "1"]
[White "almaguerjm"]
[Black "ulises2013"]
[Result "0-1"]
[WhiteElo "2494"]
[BlackElo "2926"]
[TimeControl "180+1"]
[EndTime "14:02:45 PDT"]
[Termination "ulises2013 won by resignation"]

1. e4 g6 2. Bc4 Bg7 3. Ne2 c5 4.
c3 e6 5. d4 cxd4 6. cxd4 d5 7.
Bb5+ Bd7 8. Bxd7+ Qxd7 9. e5 Ne7 10.
O-O O-O 11. Nd2 Nbc6 12. Nf3 f6 13. exf6 Bxf6 14. Bh6 Rfe8 15. Re1 Nf5 16. Bf4 Qd8 17. h3 Qb6 18. Be5 Nxe5 19. dxe5 Bg7 20. Ned4 Nxd4 21.
Nxd4 Rac8 22. b3 Bf8 23. Qg4 Bc5 24. Rad1 Rc7 25. Nxe6 Qxe6 0-1

[Event "Late-Titled-Tuesday-Blitz-June-04-2024"]
[Site "Chess.com"]
[Date "2024.06.04"]
[Round "1"]
[White "Oleksandr_Bortnyk"]
[Black "arnoldpetra"]
[Result "1-0"]
[WhiteElo "3032"]
[BlackElo "2510"]
[TimeControl "180+1"]
[EndTime "14:03:05 PDT"]
[Termination "Oleksandr_Bortnyk won by resignation"]

1. e4 d6 2. d4 c6 3. Nf3 g6 4. h3 Bg7 5. Bd3 b5 6. c3 Bb7 7. O-O a6 8. Re1 e5 9. Bg5 Qc7 10. a4 Nd7 11. axb5 axb5 12. Rxa8+ Bxa8 13. Nbd2 Ngf6 14. Qb3 O-O 15. Ra1 h6 16. Be3 Nh5 17. dxe5 Nxe5 18. Nxe5 Bxe5 19. Ra7 Qb8 20. Nf3 c5 21.
Qa2 Nf4 22. Nxe5 dxe5 23. Bxc5 Nxd3 24. Bxf8 Qxf8 25. Rxa8 1-0

[Event "Late-Titled-Tuesday-Blitz-June-04-2024"]
[Site "Chess.com"]
[Date "2024.06.04"]
[Round "1"]
[White "jinxy2009"]
[Black "annasargsyan_m"]
[Result "0-1"]
[WhiteElo "2264"]
[BlackElo "2583"]
[TimeControl "180+1"]
[EndTime "14:03:12 PDT"]
[Termination "annasargsyan_m won by resignation"]

1. c4 c6 2. g3 d5 3. Bg2 Nf6 4. Nf3 Bf5 5. O-O e6 6. b3 Be7 7. Bb2 h6 8. d3 O-O 9. Nc3 Nbd7 10. Re1 Bg6 11. e4 dxe4 12. dxe4 Nc5 13. Qc2 Qd3 14.
Qxd3 Nxd3 15. Re2 Nxb2 16. Rxb2 Nxe4 17. Nxe4 Bxe4 18. Re1 Bf5 19. b4 Bf6 20. Rb3 Bc2 21. Ra3 Rfd8 22. b5 Bd3 23. bxc6 bxc6 24. Nd2 Rac8 25. Rxa7 Bc3 26. Ra3 Bxd2 27. Rd1 Bxc4 0-1

[Event "Late-Titled-Tuesday-Blitz-June-04-2024"]
[Site "Chess.com"]
[Date "2024.06.04"]
[Round "1"]
[White "Yaacovn"]
[Black "EsmeraldasAnderson03"]
[Result "1-0"]
[WhiteElo "2794"]
[BlackElo "2437"]
[TimeControl "180+1"]
[EndTime "14:03:22 PDT"]
[Termination "Yaacovn won by resignation"]

1. d4 d5 2. Nf3 Nf6 3. Bf4 e6 4. e3 Bd6 5. Bg3 O-O 6. c4 c5 7. Nc3 a6 8. cxd5 Bxg3 9. hxg3 Nxd5 10. dxc5 Nxc3 11. Qc2 Ne4 12. Qxe4 h6 13. Bd3 f5 14. Qd4 Nc6 15. Qxd8 Rxd8 16. Bc4 Bd7 17. O-O-O Kf7 18. Rd6 Na5 19. Rhd1 Nxc4 20. Rxd7+ Kf6 21. Rxd8 1-0

[Event "Late-Titled-Tuesday-Blitz-June-04-2024"]
[Site "Chess.com"]
[Date "2024.06.04"]
[Round "1"]
[White "Romkachess"]
[Black "Szparu"]
[Result "0-1"]
[WhiteElo "2506"]
[BlackElo "2988"]
[TimeControl "180+1"]
[EndTime "14:03:24 PDT"]
[Termination "Szparu won by resignation"]

1. e4 c5 2. Nf3 a6 3. c4 Nc6 4. d4 cxd4 5. Nxd4 e5 6. Nb3 Nf6 7. Nc3 Bb4 8. Bd3 d6 9. O-O Bxc3 10. bxc3 Be6 11. Ba3 O-O 12. c5 d5 13. exd5 Nxd5 14. Be4 Nf4 15. Qf3 Qg5 16. Rfe1 Rad8 17. Qg3 Qf6 18. Bc1 Ne2+ 0-1

[Event "Late-Titled-Tuesday-Blitz-June-04-2024"]
[Site "Chess.com"]
[Date "2024.06.04"]
[Round "1"]
[White "xakevicius91"]
[Black "scabies1"]
[Result "1-0"]
[WhiteElo "2555"]
[BlackElo "2193"]
[TimeControl "180+1"]
[EndTime "14:03:24 PDT"]
[Termination "xakevicius91 won by resignation"]

1. e4 c5 2. Nf3 d6 3. Bc4 Nc6 4. O-O Nf6 5. Qe2 Bg4 6. c3 a6 7. h3 Bxf3 8. Qxf3 Ne5 9. Qe2 Nxc4 10. Qxc4 e6 11. d4 Nxe4 12. d5 exd5 13. Qxd5 Nf6 14. Qxb7 Be7 15. Re1 Kf8 16. Rxe7 1-0

[Event "Late-Titled-Tuesday-Blitz-June-04-2024"]
[Site "Chess.com"]
[Date "2024.06.04"]
[Round "1"]
[White "ChEsper99"]
[Black "Tunahan_Makaraci"]
[Result "0-1"]
[WhiteElo "2238"]
[BlackElo "2574"]
[TimeControl "180+1"]
[EndTime "14:03:27 PDT"]
[Termination "Tunahan_Makaraci won by resignation"]

1. d4 d5 2. c4 e6 3. Nc3 c5 4.
cxd5 exd5 5. Nf3 Nc6 6. g3 Nf6 7.
Bg2 cxd4 8. Nxd4 Bc5 9. Nb3 Bb6 10. O-O d4 11. Ne4 Nxe4 12. Bxe4 O-O 13. Bf4 Bh3 14. Bg2 Bxg2 15. Kxg2 Qd5+ 16. Kg1 Rfe8 17. Rc1 g5 18.
Bd2 d3 19. exd3 Ne5 0-1

[Event "Late-Titled-Tuesday-Blitz-June-04-2024"]
[Site "Chess.com"]
[Date "2024.06.04"]
[Round "1"]
[White "Rutricks"]
[Black "scrambleyourbrain"]
[Result "1-0"]
[WhiteElo "2688"]
[BlackElo "2377"]
[TimeControl "180+1"]
[EndTime "14:03:28 PDT"]
[Termination "Rutricks won by resignation"]

1. Nc3 e5 2. Nf3 Nc6 3. d4 exd4 4. Nxd4 Nxd4 5. Qxd4 Nf6 6. e4 d6 7. Be3 Be7 8. O-O-O Be6 9. h3 c6 10. f4 Qc7 11. g4 Nd7 12. f5 Bf6 13. Qxd6 Qxd6 14. Rxd6 Bxc3 15. bxc3 Bxa2 16. Kb2 Nf6 17. Kxa2 Nxe4 18.
Rd3 Ng3 19. Rg1 Nxf1 20. Rxf1 Rd8 21. Re1 Rxd3 22. cxd3 Kd7 23. Bc5 b6 24. Re7+ Kd8 25. Rxa7 1-0

[Event "Late-Titled-Tuesday-Blitz-June-04-2024"]
[Site "Chess.com"]
[Date "2024.06.04"]
[Round "1"]
[White "KebabJangles"]
[Black "zverr1"]
[Result "0-1"]
[WhiteElo "2285"]
[BlackElo "2601"]
[TimeControl "180+1"]
[EndTime "14:03:29 PDT"]
[Termination "zverr1 won by resignation"]

1. d4 Nf6 2. c4 g6 3. g3 c6 4. Bg2 d5 5. Nf3 Bg7 6. O-O O-O 7. Qc2 Bf5 8. Qb3 Qb6 9. c5 Qxb3 10. axb3 Nbd7 11.
h3 Bc2 12. b4 Bxb1 13. Rxb1 a5 14. bxa5 Rxa5 15. g4 Ne4 16. b4 Ra2 17. Re1 Rfa8 18.
Bf4 Nc3 19. Rb3 Nxe2+ 0-1

[Event "Late-Titled-Tuesday-Blitz-June-04-2024"]
[Site "Chess.com"]
[Date "2024.06.04"]
[Round "1"]
[White "MiguelBestard1981"]
[Black "el_sporco"]
[Result "0-1"]
[WhiteElo "2196"]
[BlackElo "2557"]
[TimeControl "180+1"]
[EndTime "14:03:31 PDT"]
[Termination "el_sporco won by checkmate"]

1. e4 e5 2. Nf3 Nc6 3. Bc4 Nf6 4. d3 Bc5 5. c3 O-O 6. b4 Bb6 7. a4 a6 8. O-O d5 9. exd5 Nxd5 10. h3 Bf5 11.
Re1 Re8 12. Qb3 Be6 13. Nxe5 Nxe5 14. Rxe5 Bxf2+ 15. Kh1 Bxh3 16. Rxe8+ Qxe8 17. Bxd5 Qe1+ 18. Kh2 Bg4 19. Qd1 Bg3# 0-1

[Event "Late-Titled-Tuesday-Blitz-June-04-2024"]
[Site "Chess.com"]
[Date "2024.06.04"]
[Round "1"]
[White "whiteglovethief"]
[Black "protectiago"]
[Result "1-0"]
[WhiteElo "2541"]
[BlackElo "2121"]
[TimeControl "180+1"]
[EndTime "14:03:43 PDT"]
[Termination "whiteglovethief won by resignation"]

1. d4 d5 2. c4 dxc4 3. e4 e6 4.
Bxc4 a6 5. Nf3 c5 6. a4 Nf6 7. Nc3 Nc6 8. d5 exd5 9. exd5 Na5 10. Qe2+ Qe7 11. Be3 Nxc4 12. Qxc4 b6 13. O-O g6 14. Rfe1 Kd8 15. Bg5 1-0

[Event "Late-Titled-Tuesday-Blitz-June-04-2024"]
[Site "Chess.com"]
[Date "2024.06.04"]
[Round "1"]
[White "alexrustemov"]
[Black "Heydarli77"]
[Result "1-0"]
[WhiteElo "2823"]
[BlackElo "2460"]
[TimeControl "180+1"]
[EndTime "14:03:51 PDT"]
[Termination "alexrustemov won by checkmate"]

1. d4 e6 2. c4 d5 3. Nf3 dxc4 4. e3 Nf6 5. Bxc4 a6 6. Qe2 c5 7. dxc5 Bxc5 8. O-O O-O 9. a3 b5 10. Bd3 Bb7 11.
b4 Bb6 12. Bb2 Nbd7 13. Nbd2 Qe7 14. Rfc1 Rfc8 15. Nb3 Nd5 16. Bd4 f6 17. Bxb6 N5xb6 18. Na5 Bxf3 19. Qxf3 Ne5 20. Qe4 Qd6 21. Qxh7+ Kf7 22.
Qh5+ Kg8 23. Bh7+ Kf8 24. Be4 Rxc1+ 25. Rxc1 Qd2 26. Rd1 Qc3 27. Bxa8 Nxa8 28. Rd8+ Ke7 29. Qe8# 1-0

[Event "Late-Titled-Tuesday-Blitz-June-04-2024"]
[Site "Chess.com"]
[Date "2024.06.04"]
[Round "1"]
[White "ArtemDyachuk"]
[Black "zenitushka"]
[Result "1-0"]
[WhiteElo "2670"]
[BlackElo "2356"]
[TimeControl "180+1"]
[EndTime "14:03:56 PDT"]
[Termination "ArtemDyachuk won by resignation"]

1. e4 e6 2. d4 d5 3. Nc3 Bb4 4. e5 c5 5. a3 Bxc3+ 6. bxc3 Ne7 7. Qg4 Qc7 8. Qxg7 Rg8 9. Qxh7 cxd4 10. Qd3 dxc3 11.
Nf3 Nbc6 12. Bf4 Na5 13. h4 Bd7 14. h5 a6 15. h6 Bb5 16. Qh7 Bxf1 17. Kxf1 Ng6 18.
Qxg8+ 1-0

[Event "Late-Titled-Tuesday-Blitz-June-04-2024"]
[Site "Chess.com"]
[Date "2024.06.04"]
[Round "1"]
[White "Chigorinetz"]
[Black "Aygehovit1992"]
[Result "1-0"]
[WhiteElo "2552"]
[BlackElo "2799"]
[TimeControl "180+1"]
[EndTime "14:03:57 PDT"]
[Termination "Chigorinetz won by resignation"]

1. e4 c5 2. Nc3 Nc6 3. Nge2 e5 4. Nd5 g6 5. Nec3 Bg7 6. Nb5 Rb8 7. Nbc7+ Kf8 8.
Bc4 Nge7 9. O-O Nxd5 10. Nxd5 b5 11. Be2 d6 12. a4 a6 13. axb5 axb5 14. c3 h5 15. f4 exf4 16. d4 cxd4 17. Bxf4 dxc3 18. bxc3 Be5 19. Qd2 Kg7 20. Bg5 Qd7 21. Rf2 Qb7 22. Raf1 Bf5 23. exf5 1-0

[Event "Late-Titled-Tuesday-Blitz-June-04-2024"]
[Site "Chess.com"]
[Date "2024.06.04"]
[Round "1"]
[White "SahaNeelash"]
[Black "TheAlienParty"]
[Result "1-0"]
[WhiteElo "2676"]
[BlackElo "2371"]
[TimeControl "180+1"]
[EndTime "14:03:59 PDT"]
[Termination "SahaNeelash won by checkmate"]

1. d4 Nf6 2. Bg5 g6 3. Bxf6 exf6 4.
g3 d5 5. Bg2 c6 6. e3 Bg7 7. Ne2 f5 8. Nd2 Nd7 9. c4 Nf6 10. Rc1 O-O 11. Qb3 Ne4 12. cxd5 cxd5 13. Nc3 Be6 14. f3 Nxd2 15. Kxd2 Qd7 16. f4 a6 17. Bxd5 b5 18. Ke2 b4 19. Bxe6 fxe6 20. Na4 Rab8 21. Nc5 Qd5 22. Nxe6 Qxb3 23. axb3 Rfe8 24.
Nc7 Re4 25. Kf3 a5 26. Rc5 Rb6 27. Rhc1 g5 28. Rxf5 Re7 29. Rxa5 Rb7 30. Nd5 Red7 31. f5 h5 32. h3 g4+ 33. hxg4 hxg4+ 34. Kxg4 Kf7 35. Kf3 Bf8 36. g4 Bh6 37. Rc6 Bg5 38. Rg6 Bh4 39. Nf4 Be1 40. Raa6 Rbc7 41. Raf6+ Ke8 42.
g5 Rc2 43. Nd3 Bc3 44. bxc3 bxc3 45. Rc6 Rf7 46. Ne5 Rxf5+ 47. Ke4 Rf1 48. Rc7 Rg2 49. Rg8+ Rf8 50. Rc8+ Ke7 51. Rgxf8 c2 52. Rf7+ Ke6 53. Rc6# 1-0

[Event "Late-Titled-Tuesday-Blitz-June-04-2024"]
[Site "Chess.com"]
[Date "2024.06.04"]
[Round "1"]
[White "chess94cu"]
[Black "AlphaPerseii"]
[Result "1-0"]
[WhiteElo "2631"]
[BlackElo "2320"]
[TimeControl "180+1"]
[EndTime "14:04:01 PDT"]
[Termination "chess94cu won by resignation"]

1. d4 Nf6 2. c4 e6 3. Nc3 Bb4 4. Qc2 O-O 5. Nf3 d5 6. Bg5 h6 7. Bh4 Nbd7 8. e3 c6 9. Bd3 b6 10. cxd5 exd5 11. O-O Bb7 12. Rac1 Rc8 13. a3 Bd6 14. Qb1 a5 15. Ne2 Qc7 16. Bg3 Rfe8 17. Bxd6 Qxd6 18. Ng3 c5 19. dxc5 bxc5 20. Rfd1 Qb6 21.
Bf5 g6 22. Bxg6 fxg6 23. Qxg6+ Kh8 24. Nf5 1-0

[Event "Late-Titled-Tuesday-Blitz-June-04-2024"]
[Site "Chess.com"]
[Date "2024.06.04"]
[Round "1"]
[White "nabukatnezarr"]
[Black "PawnEatingZombie"]
[Result "1-0"]
[WhiteElo "2587"]
[BlackElo "2270"]
[TimeControl "180+1"]
[EndTime "14:04:03 PDT"]
[Termination "nabukatnezarr won by resignation"]

1. b3 Nf6 2. Bb2 g6 3. Bxf6 exf6 4. c4 Bg7 5. Nc3 f5 6. e3 O-O 7. g3 c6 8. Bg2 d6 9. Nge2 a5 10. O-O Na6 11. d4 Nc7 12. Qd3 Bd7 13. Rfd1 Re8 14. Rac1 Qe7 15. h4 h5 16. Nf4 Ne6 17. Nce2 Nxf4 18.
Nxf4 Rab8 19. Rc2 Rec8 20. Qd2 Ra8 21. Rdc1 a4 22. b4 b6 23. b5 c5 24. Bxa8 Rxa8 25.
dxc5 dxc5 26. Rd1 Be6 27. Qd6 Qxd6 28. Rxd6 Rb8 29. Nxe6 fxe6 30. Rxe6 a3 31. Rxg6 1-0

[Event "Late-Titled-Tuesday-Blitz-June-04-2024"]
[Site "Chess.com"]
[Date "2024.06.04"]
[Round "1"]
[White "only_strong_moves"]
[Black "Tol_Tol"]
[Result "1-0"]
[WhiteElo "2682"]
[BlackElo "2372"]
[TimeControl "180+1"]
[EndTime "14:04:06 PDT"]
[Termination "only_strong_moves won by resignation"]

1. Nc3 Nf6 2. e4 e5 3. f4 d5 4. fxe5 Nxe4 5. Qf3 Nxc3 6. bxc3 Be7 7. d4 O-O 8. Bd3 f5 9. Ne2 c5 10. Nf4 Nc6 11.
Qxd5+ Kh8 12. Qxd8 Rxd8 13. Be3 cxd4 14. cxd4 Nxd4 15. O-O-O Ne6 16. Bxf5 Nxf4 17. Rxd8+ Bxd8 18. Bxc8 Nxg2 19. Bxb7 Rb8 20. Bxg2 1-0

[Event "Late-Titled-Tuesday-Blitz-June-04-2024"]
[Site "Chess.com"]
[Date "2024.06.04"]
[Round "1"]
[White "MaestroCheck"]
[Black "Hirna2005"]
[Result "1-0"]
[WhiteElo "2619"]
[BlackElo "2311"]
[TimeControl "180+1"]
[EndTime "14:04:13 PDT"]
[Termination "MaestroCheck won by resignation"]

1. e4 g6 2. d4 Bg7 3. Nc3 d6 4. Be3 a6 5. Bd3 b5 6. Nf3 Nd7 7.
a4 b4 8. Ne2 Bb7 9. h4 Ngf6 10.
Ng3 Ng4 11. Bd2 h5 12. Bxb4 c5 13. Bc3 cxd4 14. Nxd4 Qb6 15. a5 Qc5 16. Be2 e5 17.
Bxg4 exd4 18. Bxd7+ Kxd7 19. Bd2 Rae8 20. O-O Bxe4 21.
Nxe4 Rxe4 22. Qf3 f5 23. Qb3 Rhe8 24. Qb7+ Qc7 25. Qxa6 Rxh4 26. Qb5+ Kc8 27. Qxe8+ Kb7 28. a6+ Ka7 29. Bg5 Rg4 30. Qe7 1-0

[Event "Late-Titled-Tuesday-Blitz-June-04-2024"]
[Site "Chess.com"]
[Date "2024.06.04"]
[Round "1"]
[White "Chessdreamer2020"]
[Black "PNEPaul"]
[Result "1-0"]
[WhiteElo "2528"]
[BlackElo "1919"]
[TimeControl "180+1"]
[EndTime "14:04:14 PDT"]
[Termination "Chessdreamer2020 won by resignation"]

1. e4 e5 2. Nf3 Nc6 3. Bc4 Be7 4. d4 exd4 5. c3 d6 6. cxd4 Nf6 7. Nc3 O-O 8. O-O Bg4 9. Be2 d5 10. e5 Ne4 11. h3 Bh5 12. Qb3 Nxc3 13. bxc3 Rb8 14. Re1 Na5 15. Qa4 Nc4 16. Bxc4 Bxf3 17. Bd3 Bh5 18. Qxa7 c6 19. Qa4 Qd7 20. Qc2 Bg6 21.
f4 Bxd3 22. Qxd3 Rfd8 23. f5 Qc8 24. Rf1 f6 25. e6 c5 26. Bf4 Ra8 27. Rfb1 c4 28.
Qg3 Ra3 29. Bc7 Re8 30. Rb2 Qa8 31. Rab1 h6 32. Rxb7 Rxa2 33. Rb8 Qa4 34. Rxe8+ Qxe8 35. Rb8 1-0

[Event "Late-Titled-Tuesday-Blitz-June-04-2024"]
[Site "Chess.com"]
[Date "2024.06.04"]
[Round "1"]
[White "MatthewG-p4p"]
[Black "Jeppesen08"]
[Result "1-0"]
[WhiteElo "2886"]
[BlackElo "2469"]
[TimeControl "180+1"]
[EndTime "14:04:24 PDT"]
[Termination "MatthewG-p4p won by resignation"]

1. f4 d5 2. Nf3 Nf6 3. g3 c5 4.
Bg2 Nc6 5. O-O g6 6. d3 Bg7 7. Nc3 O-O 8. e4 dxe4 9. dxe4 e5 10. Qxd8 Rxd8 11. Nxe5 Nxe5 12. fxe5 Ng4 13. Bg5 Re8 14. Nd5 Rxe5 15. Bf4 Rh5 16. h3 Bd4+ 17. Kh1 Nf2+ 18. Rxf2 Bxf2 19. Nf6+ Kg7 20. Nxh5+ gxh5 21. c3 Be6 22.
Rf1 Bxa2 23. Rxf2 Bc4 24. Be5+ Kg8 25. Rf5 Be6 26. Rg5+ Kf8 27. Bd6+ Ke8 28. Rg8+ Kd7 29. Rxa8 Kxd6 30. Rxa7 Kc7 31. e5 Bc8 32. Ra5 Kb6 33. b4 cxb4 34. cxb4 Be6 35. Kh2 1-0

[Event "Late-Titled-Tuesday-Blitz-June-04-2024"]
[Site "Chess.com"]
[Date "2024.06.04"]
[Round "1"]
[White "joksijoksi"]
[Black "IlyaGrigorjev"]
[Result "0-1"]
[WhiteElo "2461"]
[BlackElo "2826"]
[TimeControl "180+1"]
[EndTime "14:04:28 PDT"]
[Termination "IlyaGrigorjev won by resignation"]

1. d4 Nf6 2. c4 g6 3. Nc3 d5 4. Nf3 Bg7 5. Bg5 Ne4 6. cxd5 Nxg5 7. Nxg5 e6 8. Nf3 exd5 9. e3 O-O 10. Be2 c6 11.
O-O Nd7 12. b4 Qe7 13. Qb3 a6 14. a4 Nf6 15. b5 axb5 16. axb5 Rxa1 17. Rxa1 Ne4 18.
Nxe4 dxe4 19. Nd2 c5 20. Rd1 cxd4 21. exd4 Bxd4 22. Nc4 Qc5 23. Ne3 Be6 24. Bc4 Bxe3 25. Bxe6 Bxf2+ 26. Kh1 fxe6 27. Qxe6+ Kh8 28. Qxe4 b6 29.
Qe2 Bd4 30. Qe4 Bg7 31. Qb7 Qxb5 32. h3 Rf1+ 33. Rxf1 Qxf1+ 34. Kh2 Be5+ 0-1

[Event "Late-Titled-Tuesday-Blitz-June-04-2024"]
[Site "Chess.com"]
[Date "2024.06.04"]
[Round "1"]
[White "ChessLebaneseSalah"]
[Black "Arteler"]
[Result "1-0"]
[WhiteElo "2575"]
[BlackElo "2240"]
[TimeControl "180+1"]
[EndTime "14:04:47 PDT"]
[Termination "ChessLebaneseSalah won by resignation"]

1. e4 e6 2. d4 d5 3. e5 c5 4. c3 Qb6 5. Nf3 Nc6 6. Bd3 Nh6 7. O-O Nf5 8. dxc5 Bxc5 9. Bxf5 exf5 10. Qxd5 Be6 11.
Qd2 O-O 12. b4 Be7 13. Qe2 Rfd8 14. Be3 Qc7 15. Bf4 a6 16. Nbd2 b5 17. a4 Na7 18.
Rfc1 Qb7 19. a5 Rac8 20. Be3 Rc7 21. Bb6 Rdc8 22. Bxc7 Qxc7 23. Nd4 Nc6 24. Nxe6 fxe6 25. Nb3 Nxb4 26. cxb4 Qxc1+ 27. Rxc1 Rxc1+ 28. Nxc1 1-0

[Event "Late-Titled-Tuesday-Blitz-June-04-2024"]
[Site "Chess.com"]
[Date "2024.06.04"]
[Round "1"]
[White "Zorbos"]
[Black "MaiqMaster"]
[Result "0-1"]
[WhiteElo "2718"]
[BlackElo "2428"]
[TimeControl "180+1"]
[EndTime "14:04:50 PDT"]
[Termination "MaiqMaster won by resignation"]

1. e4 c5 2. Nf3 e6 3. d4 cxd4 4. Nxd4 Nc6 5. Nc3 Qc7 6. Be3 a6 7. Qd2 Nf6 8. O-O-O Be7 9. f3 b5 10. g4 Nxd4 11. Qxd4 Bb7 12. Kb1 Rc8 13. Rc1 Bc5 14. Qd2 Bxe3 15. Qxe3 O-O 16. Bd3 b4 17. Ne2 d5 18. e5 Nd7 19. f4 d4 20. Qh3 g6 21.
Rhd1 Rfd8 22. Qh6 Nc5 23. h4 Nxd3 24. cxd3 Qa5 25. Rxc8 Rxc8 26. Nxd4 Bd5 27. Nb3 Bxb3 28. axb3 Qc5 29. Ka2 Qc2 0-1

[Event "Late-Titled-Tuesday-Blitz-June-04-2024"]
[Site "Chess.com"]
[Date "2024.06.04"]
[Round "1"]
[White "IlanSchnaider"]
[Black "Quattroporte300"]
[Result "1-0"]
[WhiteElo "2796"]
[BlackElo "2442"]
[TimeControl "180+1"]
[EndTime "14:04:54 PDT"]
[Termination "IlanSchnaider won by checkmate"]

1. e4 c5 2. Nc3 d6 3. f4 g6 4. Nf3 Bg7 5. Bb5+ Bd7 6. Bc4 Nf6 7. O-O O-O 8. d3 a6 9. a4 Nc6 10. Qe1 Bg4 11. Be3 e6 12. Qg3 Bxf3 13. Qxf3 Nb4 14. Bb3 Rc8 15. f5 Qe7 16. Bg5 Nc6 17. Ne2 Ne5 18. Qh3 Qd7 19. fxe6 Qe7 20. exf7+ Kh8 21. Nf4 c4 22. Bxc4 Nxc4 23. Nxg6# 1-0

[Event "Late-Titled-Tuesday-Blitz-June-04-2024"]
[Site "Chess.com"]
[Date "2024.06.04"]
[Round "1"]
[White "Navyblue1"]
[Black "Sanyura"]
[Result "0-1"]
[WhiteElo "2217"]
[BlackElo "2562"]
[TimeControl "180+1"]
[EndTime "14:04:56 PDT"]
[Termination "Sanyura won by resignation"]

1. d4 Nf6 2. c4 g6 3. Nc3 Bg7 4. e4 d6 5. h3 O-O 6. Be3 a6 7.
Nf3 c6 8. Be2 b5 9. cxb5 axb5 10. a3 Bb7 11. O-O Nbd7 12. Nd2 e5 13. dxe5 Nxe5 14.
Nf3 Nc4 15. Bxc4 bxc4 16. e5 Nd5 17. Nxd5 cxd5 18. Bd4 Re8 19. exd6 Qxd6 20. Bxg7 Kxg7 21. Qd4+ Qf6 22. Rfe1 Rab8 23. Qxf6+ Kxf6 24. Nd4 Ba8 25. Rxe8 Rxe8 26. Kf1 Rb8 27. Rb1 Ke5 28. Nf3+ Kd6 29. Ke2 Kc5 30. Kd2 d4 31. Kc2 Be4+ 0-1

[Event "Late-Titled-Tuesday-Blitz-June-04-2024"]
[Site "Chess.com"]
[Date "2024.06.04"]
[Round "1"]
[White "GiorgianBarbosa"]
[Black "Msb2"]
[Result "0-1"]
[WhiteElo "2510"]
[BlackElo "3038"]
[TimeControl "180+1"]
[EndTime "14:04:59 PDT"]
[Termination "Msb2 won by resignation"]

1. c4 e6 2. g3 d5 3. Bg2 Nf6 4. Nf3 Nc6 5. O-O Bd6 6. d4 O-O 7. c5 Be7 8. Nc3 b6 9. cxb6 axb6 10. a3 Na5 11. Bg5 h6 12. Bxf6 Bxf6 13. e4 Nc4 14. Ra2 dxe4 15. Nxe4 Bb7 16. Qd3 Nd6 17. Nxf6+ Qxf6 18. b4 Ba6 19. Qe3 Bxf1 20. Kxf1 Nf5 21. Qc3 c5 22. bxc5 bxc5 23. Qxc5 Rac8 24. Qe5 Rc1+ 25. Ne1 Nxd4 26. Qxf6 gxf6 27. a4 Rb8 28. Be4 f5 29. Bd3 Nf3 30. Re2 Rb3 31. Bb5 Rbb1 32. Kg2 Nxe1+ 33. Kh3 Nf3 34. Ra2 Ng5+ 35. Kh4 Kg7 36. f4 Ne4 37. Bc6 Rxc6 0-1